 Dungeon Crawl Stone Soup version 0.24.0-123-gd5b16e6ec5 (webtiles) character file.

Game seed: 10386656597636319075, levelgen mode: deterministic

431 Martska the Charmwright (level 7, 0/52 HPs)
             Began as a Human Skald on Feb 10, 2020.
             Slain by an orc wizard
             ... wielding a +0 dagger
              (2 damage)
             ... on level 5 of the Dungeon.
             The game lasted 00:11:57 (4560 turns).

Martska the Charmwright (Human Skald)               Turns: 4560, Time: 00:11:58

Health: 0/52       AC:  7    Str: 13    XL:     7   Next: 20%
Magic:  6/11       EV: 12    Int: 19    God:
Gold:   237        SH:  3    Dex: 12    Spells: 2/11 levels left

rFire    . . .     SeeInvis .   a - +0 falchion
rCold    . . .     Gourm    .   s - +0 buckler
rNeg     . . .     Faith    .   b - +0 leather armour
rPois    .         Spirit   .   c - +0 helmet
rElec    .         Reflect  .   t - +0 cloak
rCorr    .         Harm     .   k - +0 pair of gloves
MR       .....                  q - +0 pair of boots
Stlth    +.........             (no amulet)
HPRegen  0.17/turn              (no ring)
MPRegen  0.12/turn              (no ring)

@: brilliant, very slightly contaminated
A: no striking features
a: no special abilities


You were on level 5 of the Dungeon.
You were not hungry.

You visited 1 branch of the dungeon, and saw 5 of its levels.

You collected 237 gold pieces.

Inventory:

Hand Weapons
 a - a +0 falchion (weapon)
Missiles
 e - 219 stones (quivered)
 u - 8 silver javelins
Armour
 b - a +0 leather armour (worn)
 c - a +0 helmet (worn)
 k - a +0 pair of gloves (worn)
 l - a cursed +0 shield
 q - a +0 pair of boots (worn)
 s - a +0 buckler (worn)
 t - a +0 cloak (worn)
Scrolls
 g - 2 scrolls of immolation
 h - a scroll of amnesia
 i - a scroll of noise {unknown}
 j - a scroll of remove curse
 p - a scroll of identify
 v - a scroll of magic mapping {unknown}
Potions
 o - a potion of haste {unknown}
 r - a potion of brilliance
Comestibles
 d - 7 rations


   Skills:
 * Level 3.6 Fighting
 * Level 3.6 Long Blades
 + Level 2.1 Armour
 + Level 2.8 Dodging
 + Level 1.2 Shields
 + Level 2.8 Spellcasting
 + Level 1.4 Hexes
 + Level 3.7 Charms
 + Level 1.4 Translocations


You had 2 spell levels left.
You knew the following spells:

 Your Spells              Type           Power        Failure   Level  Hunger
a - Infusion              Chrm           ####         1%          1    None
b - Shroud of Golubria    Chrm/Tloc      ###...       1%          2    ##.....
c - Spectral Weapon       Hex/Chrm       ###.....     3%          3    ###....
d - Regeneration          Chrm/Necr      ###.......   4%          3    ###....

Your spell library contained the following spells:

 Spells                   Type           Power        Failure   Level  Hunger
 Song of Slaying          Chrm           ####....     1%          2    ##.....


Dungeon Overview and Level Annotations

Branches:
Dungeon (5/15)
 Temple: D:4-7

Altars:

Annotations:
D:3 Sigmund
D:4 Edmund


Message History

The orc wizard is severely wounded.
The orc wizard gestures at you while chanting.
The magic dart hits you.
* * * LOW HITPOINT WARNING * * *
The orc wizard completely misses you.
You hit the orc wizard.
The orc wizard is almost dead.
The orc wizard gestures wildly while chanting.
The orc wizard blinks!
There is a stone staircase leading up, spattered with blood here.
The orc wizard hits you with a +0 dagger.
* * * LOW HITPOINT WARNING * * *
You closely miss the orc wizard.
The orc wizard is almost dead.
The orc wizard gestures at you while chanting.
You resist with some effort. The orc wizard barely misses you.
You closely miss the orc wizard.
The orc wizard is almost dead.
The orc wizard hits you with a +0 dagger.
You die...

### #.# #<#
#@# ..####o#
#.#....#
#.#.#### #.#.#
#.#.# #.#l#
#.#.##########
#
#>............
.


You could see an orc wizard.

Vanquished Creatures
  An ogre (D:4)
  A scorpion (D:4)
  A hound (D:4)
  2 bullfrog skeletons (D:4)
  An orc wizard (D:5)
  A worker ant (D:4)
  6 adders
  An ooze (D:2)
  3 worms
  3 dart slugs
  3 leopard geckos
  2 orcs
  13 bats
  4 giant cockroaches
  9 goblins
  8 hobgoblins
  3 jackals (D:1)
  2 quokkas
  A ball python (D:2)
  9 frilled lizards
  11 kobolds
  5 rats
90 creatures vanquished.

Vanquished Creatures (others)
  4 toadstools (D:5)
4 creatures vanquished.

Grand Total: 94 creatures vanquished

Notes
Turn   | Place    | Note
-------+----------+-------------------------------------------
     0 | D:1      | Martska the Human Skald began the quest for the Orb.
     0 | D:1      | Reached XP level 1. HP: 16/16 MP: 3/3
   146 | D:1      | Reached XP level 2. HP: 22/22 MP: 5/5
   336 | D:1      | Learned a level 2 spell: Shroud of Golubria
   437 | D:1      | Reached XP level 3. HP: 27/28 MP: 6/6
   451 | D:1      | Learned a level 3 spell: Spectral Weapon
   998 | D:2      | Reached XP level 4. HP: 28/34 MP: 7/7
  2042 | D:3      | Reached XP level 5. HP: 28/39 MP: 8/8
  2478 | D:3      | Noticed Sigmund
  2993 | D:4      | Reached skill level 1 in Hexes
  2993 | D:4      | Reached skill level 1 in Translocations
  2993 | D:4      | Reached XP level 6. HP: 37/47 MP: 5/9
  3006 | D:4      | Noticed an ogre
  3016 | D:4      | Killed an ogre
  3328 | D:4      | Learned a level 3 spell: Regeneration
  3571 | D:4      | Reached skill level 1 in Shields
  3571 | D:4      | Reached XP level 7. HP: 46/52 MP: 8/11
  3657 | D:5      | Entered Level 5 of the Dungeon
  4057 | D:5      | Noticed Edmund
  4558 | D:5      | HP: 2/52 [orc wizard/+0 dagger (3)]
  4560 | D:5      | Slain by an orc wizard

Levels and vault maps discovered:
D:1:      minmay_arrival_nine_rooms, layout_loops_cross
D:2:      layout_loops_cross, minmay_misc_feat_enclosed, minmay_octomino_c4
D:3:      layout_basic, first_ration, uniq_sigmund
D:4:      layout_rooms
D:5:      layout_basic, minmay_gold_behind_fungi, lightli_corner_chamber,
          uniq_edmund

Skill      XL: |  1  2  3  4  5  6 |
---------------+-------------------+-----
Long Blades    | 3 |  3.6
Fighting       | 3 |  3.6
Hexes          | 1 |  1.4
Translocations | 1 |  1.4
Armour         | 2 |  2.1
Shields        | 1 |  1.2
Dodging        | |  2.8
Spellcasting   | |  2.8
Charms         | |  3.7

Action                   |  1- 3 |  4- 6 |  7- 9 || total
-------------------------+-------+-------+-------++-------
Melee: Falchion          |    85 |   165 |    62 ||   312
Throw: Stone             |     1 |     5 |       ||     6
 Cast: Infusion          |     2 |     3 |     1 ||     6
       Spectral Weapon   |       |     6 |     5 ||    11
  Use: Scroll            |       |     3 |     4 ||     7
       Potion            |       |       |     3 ||     3
 Stab: Sleeping          |       |     1 |       ||     1
  Eat: Chunk             |       |     2 |       ||     2
       Ration            |       |     2 |     2 ||     4
Armor: Leather armour    |    35 |    66 |    23 ||   124
Dodge: Dodged            |    80 |   129 |    50 ||   259
Block: Buckler           |       |     7 |    16 ||    23
       Rpst.: Falchion   |    27 |    35 |    14 ||    76
